 Dungeon Crawl Stone Soup version 0.29.0-11-gd7f09526c8 (webtiles) character file.

Game seed: 9643876856615921751

3521 apoch the Cleaver (level 9, -3/85 HPs)
             Began as a Minotaur Fighter on Sept 6, 2022.
             Was a Priest of Okawaru.
             Slain by Grum
             ... wielding a +0 glaive
              (8 damage)
             ... on level 8 of the Dungeon.
             The game lasted 00:12:53 (8650 turns).

apoch the Cleaver (Minotaur Fighter)                Turns: 8650, Time: 00:12:54

Health: -3/85      AC: 14    Str: 25    XL:     9   Next: 81%
Magic:  11/14      EV:  7    Int:  5    God:    Okawaru [***...]
Gold:   431        SH:  4    Dex: 10    Spells: 8/8 levels left

rFire   . . .      SeeInvis .   a - +1 war axe
rCold   . . .      Faith    +   c - +0 buckler
rNeg    . . .      Spirit   .   f - +4 chain mail
rPois   .          Reflect  .   (helmet restricted)
rElec   .          Harm     .   (no cloak)
rCorr   .          Rampage  .   (no gloves)
Will    .....                   k - +0 pair of boots
Stlth   ..........              m - amulet of faith
HPRegen 0.24/turn               (no ring)
MPRegen 0.14/turn               (no ring)

@: no status effects
A: horns 2, retaliatory headbutt
a: Renounce Religion, Heroism


You were on level 8 of the Dungeon.
You worshipped Okawaru.
Okawaru was most pleased with you.
You visited 2 branches of the dungeon, and saw 9 of its levels.

You collected 575 gold pieces.
You spent 144 gold pieces at shops.

Inventory:

Hand Weapons
 a - a +1 war axe (weapon)
 e - a +0 battleaxe
 p - a +0 war axe
 r - a +0 morningstar
 x - a +0 war axe
 D - a +0 eveningstar
Missiles
 l - 11 boomerangs
 t - 24 poisoned darts
Armour
 c - a +0 buckler (worn)
 f - a +4 chain mail (worn)
 k - a +0 pair of boots (worn)
 s - a +0 plate armour
Jewellery
 m - an amulet of faith (around neck)
Wands
 b - a wand of paralysis (7)
 j - a wand of flame (4)
 u - a wand of digging (12)
 E - a wand of roots (4)
Scrolls
 d - 3 scrolls of teleportation
 i - 2 scrolls of poison
 n - a scroll of torment
 y - 5 scrolls of identify
 A - a scroll of enchant weapon
 B - a scroll of fear
Potions
 h - a potion of attraction
 o - a potion of might
 q - 9 potions of curing
 v - a potion of flight
 w - a potion of brilliance
 z - a potion of cancellation
 C - a potion of resistance


   Skills:
 - Level 10.0 Fighting
 - Level 10.0 Axes
 + Level 4.2 Armour
 - Level 3.6 Shields
 + Level 8.3 Invocations


You had 8 spell levels left.
You didn't know any spells.
Your spell library contained the following spells:

 Spells                   Type           Power      Damage    Failure   Level
 Freeze                   Ice            0%         1d3       99%         1
 Sandblast                Erth           0%         2d4       99%         1
 Passwall                 Tmut/Erth      0%         N/A       100%        2
 Static Discharge         Conj/Air       0%         3-3/arc   100%        2
 Sublimation of Blood     Necr           0%         N/A       100%        2
 Wereblood                Tmut           0%         N/A       100%        2
 Frozen Ramparts          Ice            0%         1d1       100%        3
 Stone Arrow              Conj/Erth      0%         3d7       100%        3
 Hailstorm                Conj/Ice       0%         3d3       100%        4
 Lightning Bolt           Conj/Air       0%         1d11      100%        5
 Maxwell's Capacitive Co  Air            0%         ∞         100%        8
 Summon Hydra             Summ           Unusable   N/A       N/A         7

Dungeon Overview and Level Annotations

Branches:
Dungeon (8/15)             Temple (1/1) D:5
   Lair: D:8-11

Altars:
Ashenzari
Cheibriados
Elyvilon
Nemelex Xobeh
Okawaru
Ru
Sif Muna
Uskayaw
Wu Jian
The Shining One

Shops:
D:7 ?

Annotations:
D:6 3 runed translucent doors, greasedhog's ghost, novice MeBe
D:8 Grum


Innate Abilities, Weirdness & Mutations

You have a pair of horns on your head.
You reflexively headbutt those who attack you in melee.


Message History

You block the wolf's attack. The wolf barely misses you.
You barely miss the wolf. Your headbutt misses the wolf.
The wolf is heavily wounded.
Grum lets out an intimidating howl.
Grum hits you from afar with a +0 glaive!!
The wolf barely misses you.
You barely miss the wolf.
The wolf is heavily wounded.
The wolf bites you.
Grum hits you from afar with a +0 glaive!
The wolf closely misses you.
Grum hits you from afar with a +0 glaive!
You are too injured to fight recklessly!
You are too injured to fight recklessly!
You are too injured to fight recklessly!
You feel much better. The wolf bites you but does no damage.
Grum hits you from afar with a +0 glaive!!
* * * LOW HITPOINT WARNING * * *
The wolf bites you but does no damage.
You can now deal lightning-fast blows.
You can no longer speed up your combat.
Grum hits you from afar with a +0 glaive!
* * * LOW HITPOINT WARNING * * *
The wolf bites you but does no damage. Grum barely misses you.
The wolf barely misses you. You furiously retaliate!
You headbutt the wolf! The wolf barely misses you.
The wolf attacks as you move away! The wolf bites you.
* * * LOW HITPOINT WARNING * * *
The wolf closely misses you.
Grum hits you from afar with a +0 glaive.
* * * LOW HITPOINT WARNING * * *
Grum hits you from afar with a +0 glaive!
* * * LOW HITPOINT WARNING * * *
Grum shouts, "Spot!
Good boy!"
You block Grum's attack.
Your hands slow down.
There is a stone staircase leading up here.
Grum hits you but does no damage.
Grum hits you from afar with a +0 glaive!
You die...

#...####.##..>............#.#....
#...# #......................#
...########..)..........#.....# .
.......# ####..........h.....##.
#..##..## ###.###.#..#.##....#..
#..#....# ##.###..###.####.......
...###..###.......#....####......
##.##...##...#............##.....
#..###..##..##..@hg...##.........
...........###..)...###.....†....
..#........# #......##...........
..#.#.###..###......###..###.....
..##..###...#.......#....#####...
...................##[....# #..
..####...#.....##...#)#...## ..
.........###...###...[.....# ..
....##.#.##..### #.####'####


You could see Grum (fast) and a wolf.

Vanquished Creatures
  Joseph (D:7)
  A wyvern (D:8)
  Eustachio (D:6)
  Menkaure (D:7)
  2 ice beasts (D:6)
  A sky beast (D:8)
  3 orc warriors
  A wolf (D:8)
  3 ogres
  2 phantoms
  2 kobold brigands
  3 bullfrogs
  A gnoll sergeant (D:8)
  3 scorpions
  3 killer bees (D:7)
  A howler monkey (D:6)
  A gnoll bouda (D:5)
  3 jellies
  9 orc priests
  3 hounds
  Crazy Yiuf (D:7)
  9 orc wizards
  11 gnolls
  4 adders
  A shadow imp (D:3)
  A white imp (D:5)
  3 worms
  2 dart slugs
  49 orcs
  4 endoplasms
  5 giant cockroaches
  7 goblins
  5 hobgoblins
  2 jackals (D:2)
  3 quokkas
  6 ball pythons
  9 bats
  11 kobolds
  5 rats
  A butterfly (D:7)
184 creatures vanquished.

Notes
Turn   | Place    | Note
-------+----------+-------------------------------------------
     0 | D:1      | apoch the Minotaur Fighter began the quest for the Orb.
     0 | D:1      | Reached XP level 1. HP: 19/19 MP: 0/0
    85 | D:1      | Reached XP level 2. HP: 21/26 MP: 1/1
   536 | D:1      | Reached XP level 3. HP: 31/31 MP: 2/2
   749 | D:1      | Found a faded altar of an unknown god.
  1807 | D:3      | Reached skill level 5 in Axes
  1809 | D:3      | Reached XP level 4. HP: 33/39 MP: 3/3
  1985 | D:3      | Found a glowing golden altar of the Shining One.
  2697 | D:4      | Reached XP level 5. HP: 39/45 MP: 4/4
  2711 | D:4      | Noticed an ogre
  3334 | D:3      | Killed an ogre
  3335 | D:3      | Reached XP level 6. HP: 17/51 MP: 5/5
  3865 | D:5      | Entered Level 5 of the Dungeon
  4336 | D:5      | Found a staircase to the Ecumenical Temple.
  4359 | D:5      | Reached XP level 7. HP: 56/57 MP: 6/6
  4371 | Temple   | Entered the Ecumenical Temple
  4435 | Temple   | Became a worshipper of Warmaster Okawaru
  4735 | D:5      | Found a broken altar of Ashenzari.
  4810 | D:5      | Found a sacrificial altar of Ru.
  4936 | D:6      | Reached skill level 1 in Invocations
  5056 | D:6      | Reached skill level 10 in Axes
  5233 | D:6      | HP: 1/60 [orc priest/divine providence (8)]
  5691 | D:6      | Reached * piety under Okawaru
  5692 | D:6      | Reached skill level 5 in Fighting
  5692 | D:6      | Reached XP level 8. HP: 68/68 MP: 9/9
  6200 | D:6      | Found an ornate altar of the Wu Jian Council.
  6318 | D:6      | Noticed Eustachio
  6330 | D:6      | Killed Eustachio
  6410 | D:6      | Found a shimmering blue altar of Sif Muna.
  6551 | D:6      | Reached skill level 5 in Invocations
  6579 | D:6      | Found a runed translucent gate.
  6579 | D:6      | Found a runed translucent gate.
  6579 | D:6      | Found a runed translucent gate.
  6580 | D:6      | Noticed greasedhog's ghost (novice MeBe)
  6728 | D:7      | Found a white marble altar of Elyvilon.
  6728 | D:7      | Noticed Joseph
  6740 | D:7      | Killed Joseph
  6740 | D:7      | Reached ** piety under Okawaru
  6741 | D:7      | Reached XP level 9. HP: 63/81 MP: 10/12
  6975 | D:7      | Found Kyrak's Magic Scroll Shoppe.
  6987 | D:7      | Bought a scroll of identify for 24 gold pieces
  6987 | D:7      | Bought a scroll of identify for 24 gold pieces
  6987 | D:7      | Bought a scroll of identify for 24 gold pieces
  6987 | D:7      | Bought a scroll of identify for 24 gold pieces
  6987 | D:7      | Bought a scroll of identify for 24 gold pieces
  6987 | D:7      | Bought a scroll of identify for 24 gold pieces
  7184 | D:7      | Reached *** piety under Okawaru
  7467 | D:7      | Noticed Menkaure
  7475 | D:7      | Killed Menkaure
  7617 | D:7      | Found a snail-covered altar of Cheibriados.
  7697 | D:7      | Found a runed translucent door.
  7698 | D:7      | Noticed Crazy Yiuf
  7792 | D:7      | Killed Crazy Yiuf
  8334 | D:8      | Reached skill level 10 in Fighting
  8482 | D:8      | Reached **** piety under Okawaru
  8590 | D:8      | Found a sparkling altar of Nemelex Xobeh.
  8626 | D:8      | Noticed Grum
  8646 | D:8      | HP: 4/85 [Grum/+0 glaive (10)]
  8650 | D:8      | Slain by Grum

Illustrated notes

Levels and vault maps discovered:
D:1:      dpeg_arrival_erosion, layout_rooms, serial_rivers,
          chequers_serial_rivers_room_a, chequers_serial_rivers_micro_c,
          chequers_serial_rivers_micro_b, chequers_serial_rivers_room_b,
          shapermc_ecumenical_altar_hornbeckon, minmay_tall_x
D:2:      layout_loops_corners
D:3:      layout_basic, tso_oasis_becter
D:4:      layout_cave_pools
D:5:      layout_basic, mainiacjoe_overflow_alcove_1,
          ashenzari_conservatory_becter, temple_pool_b, minmay_misc_feat_hallway
D:6:      layout_gridville, amcnicky_altar_gilded, nicolae_wu_jian_wuxing_cycle,
          ebering_ghost_rock_garden, uniq_eustachio
D:7:      layout_rooms, slow_altar_2, nicolae_elyvilon_peaceful_grove,
          serial_shops, nicolae_square_shop, amcnicky_mini_rare_corridor_liquid,
          uniq_joseph, uniq_crazy_yiuf_cottage, uniq_menkaure
D:8:      layout_cave_pools, kennysheep_mini_moat, grunt_qazlal_clouds,
          kennysheep_generic_room_11, uniq_psyche, uniq_grum
Temple:   grunt_temple_mini_profane

Skill      XL: |  1  2  3  4  5  6  7  8  9 |
---------------+----------------------------+-----
Axes           | 3 4 5 6 7 9 10 | 10.0
Invocations    | 3 6 8 |  8.3
Fighting       | 5 7 10 | 10.0
Armour         | 4 |  4.2
Shields        | |  3.6

Action                   |  1- 3 |  4- 6 |  7- 9 || total
-------------------------+-------+-------+-------++-------
Melee: War axe           |    78 |   114 |   262 ||   454
       Headbutt          |    12 |    14 |    38 ||    64
Throw: Stone             |    20 |    10 |    30 ||    60
Invok: Heroism           |       |       |     1 ||     1
       Finesse           |       |       |     1 ||     1
  Use: Scroll            |       |    11 |     8 ||    19
       Potion            |       |     1 |     1 ||     2
Armor: Scale mail        |    21 |       |       ||    21
       Chain mail        |    24 |    58 |   148 ||   230
       Plate armour      |       |       |     5 ||     5
Dodge: Dodged            |    43 |    37 |    78 ||   158
Block: Buckler           |    25 |    21 |    43 ||    89
